 Dungeon Crawl Stone Soup version 0.19-a0-722-g27ac516 (webtiles) character file.

368 Leszczynek the Chopper (level 6, -2/48 HPs)
             Began as a Demigod Wanderer on June 21, 2016.
             Slain by Edmund
             ... wielding a +5 flail of protection
              (4 damage)
             ... on level 4 of the Dungeon.
             The game lasted 00:07:40 (3208 turns).

Leszczynek the Chopper (Demigod Wanderer)           Turns: 3208, Time: 00:07:40

Health: -2/48      AC: 10    Str: 19    XL:     6   Next: 17%
Magic:  0/9        EV: 12    Int: 16    God:
Gold:   92         SH:  0    Dex: 15    Spells: 0 memorised, 5 levels left

rFire  . . .     SeeInvis .     v - +2 dire flail (protect)
rCold  . . .     Gourm    .     d - +2 leather armour
rNeg   . . .     Faith    .     (shield currently unavailable)
rPois  .         Spirit   +     (no helmet)
rElec  .         Dismiss  .     (no cloak)
rCorr  .         Reflect  .     (no gloves)
SustAt +         Harm     .     (no boots)
MR     .....                    n - amulet of guardian spirit (curse)
Stlth  ++........               (no ring)
                                (no ring)

@: not resistant to hostile enchantments, unstealthy
A: high mp 1, subdued magic 1, sustain attributes
a: no special abilities


You were on level 4 of the Dungeon.
You were hungry.

You visited 1 branch of the dungeon, and saw 5 of its levels.

You collected 114 gold pieces.
You spent 22 gold pieces at shops.

Inventory:

Hand Weapons
 a - a +0 flail
 b - a +0 shortbow
 e - a +0 hand axe
 v - a +2 dire flail of protection (weapon)
Missiles
 c - 50 arrows
Armour
 d - a +2 leather armour (worn)
Jewellery
 n - a cursed amulet of guardian spirit (around neck)
Wands
 s - a wand of slowing (29/48)
Scrolls
 h - a scroll of fear {unknown}
 j - a scroll of amnesia {unknown}
 l - a scroll of identify
 m - a scroll of fog {unknown}
 o - a scroll of enchant weapon {unknown}
 p - a scroll of remove curse {unknown}
 q - a scroll of teleportation {unknown}
Potions
 t - a potion of brilliance
Comestibles
 f - 3 bread rations
 g - 3 fruits
 i - 2 beef jerkies
 k - a slice of pizza
 r - a meat ration


   Skills:
 - Level 1.7 Fighting
 - Level 4.4(5.2) Axes
 + Level 4.1(5.1) Maces & Flails
 - Level 1.0 Throwing
 - Level 1.0 Armour
 - Level 1.7 Dodging
 - Level 1.0 Stealth
 - Level 1.0 Evocations


You had 5 spell levels left.
You didn't know any spells.

Dungeon Overview and Level Annotations

Branches:
Dungeon (5/15)
 Temple: D:4-7

Shops:
D:4 ?

Annotations:
D:2 exclusion: gnoll
D:3 Terence
D:4 Edmund


Innate Abilities, Weirdness & Mutations

You have an increased reservoir of magic. (+10% MP)
Your attributes are resistant to harm.
Your spells are a little easier to cast, but a little less powerful.


Message History

You are too injured to fight recklessly!
You are too injured to fight recklessly!
You closely miss Edmund.
Edmund is heavily wounded.
Edmund hits you with a flail of protection.
* * * LOW HITPOINT WARNING * * *
You closely miss Edmund.
Edmund is heavily wounded.
Edmund closely misses you.
You puncture Edmund!
Edmund is severely wounded.
Edmund barely misses you.
You hit Edmund but do no damage.
Edmund is severely wounded.
Edmund hits you with a flail of protection!
* * * LOW HITPOINT WARNING * * *
You hit Edmund but do no damage.
Edmund is severely wounded.
Edmund hits you with a flail of protection.
You die...

########+##
#.........+
#.........#
#.........#
#.........#
#...@@....#
###'#######
##...####.##+#
+.......#....#
#.......#....#
#......##....#
#......##....#
#............#
###+#####....#


You could see Edmund.

Vanquished Creatures
  Blork the orc (D:4)
  A crimson imp (D:5)
  A giant frog skeleton (D:5)
  An orc priest (D:5)
  2 orc wizards
  A centaur skeleton (D:4)
  2 adders (D:2)
  3 gnolls
  A howler monkey skeleton (D:4)
  An ooze (D:1)
  A worm (D:3)
  2 giant geckos
  5 orcs
  3 giant cockroaches
  8 goblins
  9 hobgoblins
  10 jackals
  3 bats
  A giant gecko zombie (D:5)
  A giant newt (D:4)
  2 rats
59 creatures vanquished.

Notes
Turn   | Place    | Note
--------------------------------------------------------------
     0 | D:1      | Leszczynek the Demigod Wanderer began the quest for the Orb.
     0 | D:1      | Leszczynek set off with: a +2 leather armour, a +0 shortbow, 23 arrows, a +0 hand axe, a bread ration
     0 | D:1      | Reached XP level 1. HP: 17/17 MP: 3/3
     0 | D:1      | this is not fair though, why did she suddently have might, did she find it?
     0 | D:1      | well nevermind
     0 | D:1      | this time it's the fighter skills with caster hybrid stats
     0 | D:1      | better than last time i guess
     0 | D:1      | and i have a bow, lol
    48 | D:1      | Reached skill level 2 in Axes
   294 | D:1      | Reached XP level 2. HP: 23/24 MP: 5/5
   458 | D:1      | Reached skill level 3 in Axes
   687 | D:2      | Reached XP level 3. HP: 29/29 MP: 6/6
  1455 | D:3      | Reached skill level 4 in Axes
  1466 | D:3      | Reached XP level 4. HP: 20/36 MP: 5/7
  1739 | D:3      | Found an iron altar of Okawaru.
  1739 | D:3      | Noticed Terence
  1780 | D:4      | Found Hyc Uria's Magic Scroll Shop.
  1791 | D:4      | Bought a scroll of identify for 22 gold pieces
  1866 | D:4      | Gained mutation: Your spells are a little easier to cast, but a little less powerful. [potion of mutation]
  1869 | D:4      | Found a glowing silver altar of Zin.
  2043 | D:5      | Entered Level 5 of the Dungeon
  2054 | D:5      | Reached skill level 1 in Maces & Flails
  2483 | D:5      | Reached skill level 2 in Maces & Flails
  2483 | D:5      | Reached XP level 5. HP: 29/41 MP: 5/8
  2677 | D:5      | Reached skill level 3 in Maces & Flails
  2940 | D:4      | Noticed Blork the orc
  2969 | D:4      | Killed Blork the orc
  2969 | D:4      | Reached skill level 4 in Maces & Flails
  2969 | D:4      | Reached XP level 6. HP: 16/48 MP: 2/9
  3186 | D:4      | Noticed Edmund
  3207 | D:4      | HP: 2/48 [Edmund/flail of protection (9)]
  3208 | D:4      | Slain by Edmund

Vault maps used:
D:1:      enne_arrival_octagon_isle
D:2:      first_bread
D:3:      okawaru_ov_weapons_minmay, guppyfry_early_lair_pool, uniq_terence
D:4:      lemuel_round_altar, bloody_makhleb, serial_shops, shop,
          minmay_crossroads, uniq_edmund, uniq_blork_the_orc, uniq_eustachio
D:5:      minmay_misc_feat_x, minivault_5

Skill      XL: |  1  2  3  4  5 |
---------------+----------------+-----
Axes           | 2 3 4 |  4.4
Maces & Flails | 2 4 |  4.1
Fighting       | |  1.7
Throwing       | |  1.0
Armour         | |  1.0
Dodging        | |  1.7
Stealth        | |  1.0
Evocations     | |  1.0

Action                   |  1- 3 |  4- 6 || total
-------------------------+-------+-------++-------
Melee: Hand axe          |   127 |    24 ||   151
       Flail             |       |   108 ||   108
       Dire flail        |       |    21 ||    21
 Fire: Shortbow          |     4 |       ||     4
Evoke: Wand              |       |     4 ||     4
  Use: Potion            |       |     3 ||     3
       Scroll            |       |     2 ||     2
 Stab: Sleeping          |     2 |     1 ||     3
  Eat: Chunk             |     2 |     5 ||     7
Armor: Leather armour    |    32 |    49 ||    81
Dodge: Dodged            |    93 |    74 ||   167
